Map: Oxide LE

Players

Probe

  • Race: Protoss Protoss
  • Spawn Location: 1:00

Hurricane - Winner!

  • Race: Protoss Protoss
  • Spawn Location: 7:00

Event: IEM Katowice 2021

VOD

Have the link to the VOD?

Description

Time

  • Played on: Feb. 20, 2021, 11:10 a.m.
  • Length: 11:41

All games in this series

Show
View Real Time Build Order
Export as new Build Order

Probe Protoss 

Build Orders:  

Get SALT Encoding   

  12  0:00  Probe  
  13  0:12  Probe  
  14  0:19  Pylon  
  14  0:24  Probe  
  15  0:37  Probe (Chrono Boost)  
  15  0:38  Gateway  
  16  0:46  Probe (Chrono Boost)  
  16  0:47  Assimilator  
  17  0:51  Probe (Chrono Boost)  
  18  1:03  Probe  
  19  1:06  Assimilator  
  19  1:10  Pylon  
  19  1:15  Probe  
  20  1:25  Cybernetics Core  
  20  1:27  Zealot  
  20  1:29  Probe  
  23  1:41  Probe  
  23  1:42  Pylon  
  24  1:53  Probe  
  25  1:59  Stalker (Chrono Boost)  
  25  2:02  Warp Gate  
  25  2:05  Probe  
  28  2:18  Probe  
  28  2:22  Stalker  
  29  2:24  Cybernetics Core  
  31  2:30  Probe  
  32  2:40  Pylon  
  31  2:52  Nexus  
  31  3:00  Probe  
  31  3:10  Gateway  
  31  3:13  Probe (Chrono Boost)  
  31  3:24  Probe (Chrono Boost)  
  32  3:29  Probe (Chrono Boost)  
  32  3:30  Shield Battery  
  32  3:31  Twilight Council  
  33  3:39  Probe (Chrono Boost)  
  34  3:50  Pylon, Probe (Chrono Boost)  
  34  3:51  Stalker  
  34  3:55  Probe (Chrono Boost)  
  38  4:09  Blink, Probe (Chrono Boost)  
  36  4:11  Probe (Chrono Boost)  
  37  4:21  Stalker  
  37  4:22  Probe (Chrono Boost)  
  37  4:23  Probe (Chrono Boost)  
  41  4:29  Stalker  
  43  4:32  Probe (Chrono Boost)  
  44  4:39  Probe (Chrono Boost)  
  44  4:42  Probe (Chrono Boost)  
  45  4:47  Probe x2 (Chrono Boost)  
  45  4:48  Sentry, Forge  
  49  4:53  Sentry  
  49  4:57  Probe  
  49  4:58  Probe (Chrono Boost)  
  53  5:03  Pylon  
  53  5:10  Probe (Chrono Boost)  
  55  5:15  Sentry, Gateway x2  
  55  5:16  Probe (Chrono Boost)  
  55  5:18  Protoss Ground Weapons Level 1 (Chrono Boost)  
  55  5:19  Probe (Chrono Boost)  
  58  5:27  Robotics Facility, Probe  
  58  5:28  Probe  
  60  5:39  Probe  
  60  5:40  Probe  
  62  5:48  Nexus  
  62  5:50  Pylon  
  62  5:51  Probe  
  62  5:52  Sentry  
  62  5:56  Stalker  
  65  5:59  Assimilator  
  65  6:09  Shield Battery  
  65  6:10  Stalker x2  
  69  6:13  Pylon, Probe  
  69  6:15  Probe  
  71  6:19  Observer  
  71  6:20  Stalker  
  71  6:24  Pylon  
  74  6:27  Stalker  
  76  6:33  Shield Battery  
  76  6:43  Stalker x2  
  76  6:45  Zealot  
  76  6:46  Probe  
  77  6:49  Probe  
  77  6:50  Zealot  
  78  6:58  Probe  
  78  7:00  Immortal (Chrono Boost)  
  79  7:07  Stalker  
  79  7:08  Stalker, Zealot  
  80  7:14  Stalker  
  84  7:19  Shield Battery  
  84  7:25  Gateway  
  84  7:28  Probe x2, Gateway  
  84  7:29  Probe  
  87  7:34  Zealot  
  87  7:35  Zealot  
  91  7:40  Probe  
  91  7:43  Pylon  
  92  7:45  Pylon  
  92  7:47  Pylon  
  92  7:49  Protoss Ground Weapons Level 2 (Chrono Boost), Observer  
  93  7:53  Charge (Chrono Boost)  
  93  8:01  Probe x3  
  96  8:06  Stalker x2  
  96  8:11  Zealot x2  
  104  8:13  Probe x3  
  105  8:23  Assimilator  
  105  8:24  Pylon  
  105  8:25  Probe x3  
  105  8:26  Stalker  
  110  8:27  Stalker  
  112  8:35  Zealot  
  112  8:36  Stalker  
  112  8:39  Pylon  
  112  8:40  Pylon  
  117  8:41  Pylon, Probe  
  117  8:42  Probe x2  
  117  8:45  Assimilator  
  117  8:50  Pylon, Sentry  
  117  8:51  Pylon  
  117  8:53  Pylon  
  119  8:59  Stalker  
  119  9:00  Stalker x2  
  125  9:03  Observer (Chrono Boost)  
  126  9:15  Stalker x2  
  130  9:22  Photon Cannon, Nexus  
  130  9:24  Shield Battery  
  130  9:34  Robotics Bay  
  130  9:36  Robotics Facility  
  128  9:40  Zealot x5  
  128  9:43  Pylon  
  138  9:48  Zealot  
  138  10:04  Stalker x5  
  148  10:07  Shield Battery x2  
  148  10:19  Disruptor (Chrono Boost)  
  148  10:20  Disruptor (Chrono Boost)  
  154  10:29  Photon Cannon  
  154  10:31  Photon Cannon  
  154  10:32  Pylon, Photon Cannon  
  154  10:34  Probe x3  
  157  10:41  Zealot x2  
  157  10:42  Zealot  
  161  10:44  Pylon  
  161  10:47  Disruptor (Chrono Boost)  
  162  10:50  Zealot  
  162  10:51  Zealot  
  162  10:54  Disruptor (Chrono Boost)  
  166  11:01  Probe x3  
  166  11:02  Probe  
  163  11:13  Zealot x5, Probe  
  166  11:22  Zealot  
  166  11:25  Probe  
Show
View Real Time Build Order
Export as new Build Order

Hurricane Protoss - Winner!

Build Orders: Oracle Opening 

Get SALT Encoding   

  12  0:00  Probe  
  13  0:12  Probe  
  14  0:19  Pylon  
  14  0:24  Probe  
  15  0:37  Probe (Chrono Boost)  
  15  0:42  Gateway  
  16  0:46  Probe (Chrono Boost)  
  17  0:50  Assimilator  
  17  0:51  Probe (Chrono Boost)  
  18  1:02  Assimilator  
  18  1:03  Probe  
  19  1:15  Probe (Chrono Boost)  
  20  1:25  Pylon  
  20  1:28  Pylon, Probe (Chrono Boost)  
  20  1:31  Cybernetics Core  
  21  1:35  Probe (Chrono Boost)  
  22  1:44  Zealot (Chrono Boost)  
  24  1:47  Probe  
  25  1:59  Probe  
  26  2:08  Adept (Chrono Boost)  
  26  2:09  Warp Gate  
  26  2:12  Probe  
  29  2:20  Stargate  
  29  2:25  Probe  
  30  2:30  Stalker  
  31  2:38  Pylon, Probe  
  32  2:52  Probe  
  33  3:01  Stalker  
  33  3:03  Oracle (Chrono Boost)  
  36  3:10  Probe  
  37  3:18  Pylon  
  37  3:24  Probe  
  38  3:35  Nexus  
  38  3:40  Probe  
  39  3:45  Gateway  
  39  3:52  Probe  
  40  3:57  Twilight Council  
  40  4:06  Probe  
  40  4:08  Sentry  
  43  4:14  Gateway  
  43  4:18  Probe (Chrono Boost)  
  44  4:26  Phoenix  
  44  4:28  Blink (Chrono Boost)  
  44  4:30  Probe (Chrono Boost)  
  45  4:37  Probe (Chrono Boost)  
  46  4:45  Probe  
  47  4:47  Probe  
  47  4:49  Sentry  
  50  4:55  Robotics Facility  
  50  4:57  Probe  
  50  4:58  Gateway  
  50  4:59  Probe  
  52  5:05  Assimilator  
  52  5:06  Pylon  
  52  5:09  Probe  
  52  5:11  Probe  
  54  5:21  Probe  
  54  5:24  Stalker  
  57  5:29  Stalker x2  
  61  5:38  Pylon  
  61  5:42  Warp Prism (Chrono Boost)  
  61  5:47  Nexus  
  63  5:50  Pylon  
  63  5:56  Stalker  
  65  5:58  Sentry  
  65  5:59  Stalker  
  65  6:04  Stalker  
  71  6:05  Probe  
  71  6:07  Probe  
  71  6:09  Observer  
  74  6:15  Forge  
  74  6:29  Stalker x4  
  80  6:42  Probe  
  81  6:52  Stalker x4  
  83  6:59  Protoss Ground Weapons Level 1 (Chrono Boost)  
  83  7:00  Probe  
  83  7:01  Probe  
  81  7:10  Probe  
  81  7:13  Probe x2  
  84  7:20  Charge (Chrono Boost)  
  84  7:21  Stalker x3  
  84  7:22  Stalker  
  92  7:28  Observer  
  92  7:29  Gateway  
  92  7:30  Gateway  
  92  7:42  Probe x2  
  92  7:46  Gateway  
  92  7:48  Gateway  
  92  7:53  Immortal  
  92  7:56  Pylon  
  96  8:01  Pylon  
  96  8:02  Sentry  
  96  8:03  Zealot  
  100  8:05  Pylon  
  100  8:08  Pylon  
  100  8:12  Pylon, Gateway  
  100  8:23  Zealot x3  
  100  8:26  Probe x3  
  109  8:28  Assimilator x2  
  109  8:31  Templar Archives  
  109  8:36  Immortal (Chrono Boost)  
  113  8:42  Protoss Ground Weapons Level 2 (Chrono Boost)  
  113  8:52  Probe x3  
  115  9:03  Pylon  
  115  9:08  Zealot x8  
  115  9:09  Zealot  
  133  9:22  Pylon  
  133  9:25  Nexus  
  133  9:36  High Templar x2  
  133  9:37  Zealot x4  
  145  9:40  Zealot x2  
  145  9:41  Archon  
  145  9:43  Zealot  
  151  9:54  Assimilator  
  151  9:57  Pylon  
  151  10:01  High Templar x2  
  151  10:02  Robotics Bay, Zealot  
  157  10:07  Archon  
  157  10:08  Pylon  
  154  10:17  Shield Battery  
  154  10:18  Pylon  
  154  10:19  Gateway, High Templar x2  
  154  10:20  Zealot x3  
  164  10:24  Archon  
  164  10:28  Zealot x2, Pylon  
  164  10:34  Observer (Chrono Boost)  
  169  10:35  Probe  
  169  10:36  Probe x2  
  169  10:42  High Templar x2  
  176  10:43  Zealot x3  
  176  10:46  Archon  
  176  10:48  Disruptor (Chrono Boost)  
  182  10:50  Zealot x2  
  189  11:01  Zealot x2  
  189  11:03  Zealot  
  189  11:04  Zealot x2  
  173  11:19  Zealot x5  
  173  11:24  Zealot x2  
  159  11:26  Zealot  
  159  11:32  Zealot x2  

Tags
 
Add a new tag
Caveats
  • Supply blocks, unpowered buildings, or Contaminate may cause inaccurate times.
  • Supply counts are checked every 10 seconds.